 Dungeon Crawl Stone Soup version 0.15-a0-1950-gbc841a2 (webtiles) character file.

264 N00bl0rd the Vexing (level 5, 0/25 HPs)
             Began as a Spriggan Arcane Marksman on July 9, 2014.
             Shot with an arrow by a centaur (9 damage)
             ... on Level 4 of the Dungeon.
             The game lasted 00:12:41 (4083 turns).

N00bl0rd the Vexing (Spriggan Arcane Marksman)      Turns: 4083, Time: 00:12:41

HP   0/25        AC  2     Str  7      XL: 5   Next: 98%
MP  15/15        EV 20     Int 14      God:
Gold 126         SH  0     Dex 17      Spells:  3 memorised,  3 levels left

rFire  . . .     SeeInvis +     b - +0 shortbow
rCold  . . .     Clarity  .     a - +0 robe
rNeg   . . .     rCorr    .     (shield restricted)
rPois  .         rRot     .     (helmet restricted)
rElec  .         Spirit   .     (no cloak)
SustAb .         Warding  .     (gloves unavailable)
rMut   .         Stasis   .     (boots unavailable)
Gourm  .                        (no amulet)
MR     .....                    (no ring)
                                (no ring)

@: very quick, not resistant to hostile enchantments, unstealthy
A: unfitting armour, see invisible, herbivore 3, speed 3, slow metabolism 2
a: no special abilities


You were on level 4 of the Dungeon.
You were full.

You visited 1 branch of the dungeon, and saw 4 of its levels.

You collected 126 gold pieces.

Inventory:

Hand weapons
 b - a +0 shortbow (weapon)
 e - a +1 dagger of speed
Missiles
 c - 22 arrows (quivered)
 t - 19 poisoned arrows
Armour
 a - a +0 robe (worn)
Magical devices
 n - a wand of slowing (11)
Comestibles
 k - 2 slices of pizza
 r - a royal jelly
 s - a bread ration
Scrolls
 g - 3 scrolls of identify {unknown}
 i - a scroll of amnesia {unknown}
 j - a scroll of magic mapping {unknown}
 o - a scroll of enchant weapon {unknown}
 q - a scroll of remove curse {unknown}
 v - a scroll of noise {unknown}
Potions
 f - a potion of curing {unknown}
 h - a potion of cure mutation {unknown}
 l - a potion of confusion {unknown}
 m - a potion of heal wounds {unknown}
 p - 2 potions of mutation {unknown}
 u - a potion of haste {unknown}
Books
 d - a book of Debilitation

   Spells                             Type                      Level
   *Corona                            Hexes                        1
   *Slow                              Hexes                        2
   *Inner Flame                       Hexes/Fire                   3
   Enslavement                        Hexes                        4
   Cause Fear                         Hexes                        4
   Leda's Liquefaction                Hexes/Earth                  4


   Skills:
 - Level 0.7 Fighting
 * Level 4.8 Bows
 - Level 4.8 Dodging
 + Level 2.8 Spellcasting
 * Level 5.4 Hexes


You had 3 spell levels left.
You knew the following spells:

 Your Spells              Type           Power        Failure   Level  Hunger
a - Corona                Hex            ###....      2%          1    #......
b - Slow                  Hex            ###.....     3%          2    ##.....
c - Inner Flame           Hex/Fire       #.......     24%         3    ###....


Dungeon Overview and Level Annotations

Branches:
Dungeon (4/15)
 Temple: D:4-7

Altars:
Nemelex Xobeh
Trog


Innate Abilities, Weirdness & Mutations

You are tiny and cannot use many weapons and most armour.
You have supernaturally acute eyesight.
You are a herbivore.
You cover ground extremely quickly.
You need consume almost no food.


Message History

The orc priest shouts!
You see here a scroll labeled MAIPHEOLOI.
v - a scroll labeled MAIPHEOLOI
There is a stone staircase leading down here. 2 orcs come into view.
The orc shouts!
An orc comes into view.
The orc shouts!
An orc comes into view. x2
The orc priest calls down the wrath of Beogh upon you.
Something smites you!
Ouch! That really hurt!
A centaur comes into view.
The centaur shouts!
The centaur wields a glowing shortbow.
It bursts into flame!
The centaur shoots an arrow.
The arrow completely misses you.
The orc shouts!
The centaur shoots an arrow.
The arrow misses you.
The centaur shoots an arrow.
The arrow hits you!
You die...

#.. #....# #....##
...... ####....### .
#.........#
#'##.........#
..............#
.....(..@.....#
..............# #.
.o..........c.# #..
##.##.........# ###'#
#.##.........#
.....##.##o(.......#
......................
.........############.
# .......#.# #####
.##.


You could see a centaur and 2 orcs.

Vanquished Creatures
  Blork the orc (D:4)
  An orc priest (D:3)
  A worker ant (D:4)
  Ijyb (D:3)
  An ogre skeleton (D:3)
  2 adders
  3 worms (D:2)
  2 oozes (D:2)
  6 orcs (D:3)
  6 bats
  2 giant cockroaches (D:2)
  7 goblins
  3 hobgoblins
  4 jackals (D:2)
  12 kobolds
  2 quokkas (D:2)
  A ball python (D:4)
  6 giant newts
  7 rats
  A rat skeleton (D:4)
69 creatures vanquished.

Notes
Turn   | Place    | Note
--------------------------------------------------------------
     0 | D:1      | N00bl0rd, the Spriggan Arcane Marksman, began the quest for the Orb.
     0 | D:1      | Reached XP level 1. HP: 9/9 MP: 3/3
   440 | D:1      | Reached XP level 2. HP: 14/14 MP: 5/5
   461 | D:1      | Learned a level 2 spell: Slow
  1091 | D:2      | Reached skill level 4 in Hexes
  1091 | D:2      | Reached XP level 3. HP: 17/17 MP: 5/7
  1884 | D:2      | Reached XP level 4. HP: 21/21 MP: 8/11
  2049 | D:2      | Found a bloodstained altar of Trog.
  2249 | D:3      | Noticed Ijyb
  2294 | D:3      | Killed Ijyb
  2993 | D:3      | Found a sparkling altar of Nemelex Xobeh.
  3137 | D:3      | Reached XP level 5. HP: 25/25 MP: 8/14
  3261 | D:3      | Learned a level 3 spell: Inner Flame
  3347 | D:3      | Reached skill level 5 in Hexes
  3848 | D:4      | Noticed Blork the orc
  3864 | D:4      | Killed Blork the orc
  4078 | D:4      | Noticed a centaur
  4083 | D:4      | Shot with an arrow by a centaur

Action                   |  1- 3 |  4- 6 || total
-------------------------+-------+-------++-------
Melee: Shortbow          |    17 |     1 ||    18
       Dagger            |       |     3 ||     3
 Fire: Shortbow          |   125 |   105 ||   230
 Cast: Corona            |    16 |    14 ||    30
       Slow              |     5 |     7 ||    12
Evoke: Wand              |     1 |       ||     1
  Use: Potion            |       |     1 ||     1
